Bruins vs Canadiens

Created - 18 octobre 2017 at 20:10

Goals
1 2 3 T
Bruins 1 1 0 2
Canadiens 2 1 2 5
Shots
1 2 3 T
Bruins 8 9 6 23
Canadiens 15 14 13 42

1st period

1. Bruins , Jake Guentzel 2 (Torey Krug 9, Tomas Plekanec 4) at 12:00
2. Canadiens , John Tavares 3 (Teuvo Teravainen 4, Cam Fowler 3) at 15:34
3. Canadiens , John Tavares 4 (Cam Fowler 4, Gustav Nyquist 3) at 18:14

Penalties :
Andrew Ladd (BOS) for Slashing (Minor) at 5:08, P.K. Subban (BOS) for Interference (Minor) at 9:07

2nd period

4. Bruins , Andrew Ladd 2 (Corey Perry 6) at 10:30
5. Canadiens , Mike Ribeiro 2 (Artturi Lehkonen 1, Josh Bailey 3) at 11:45

Penalties :
Ian Cole (MTL) for Hooking (Minor) at 0:26, Ian Cole (MTL) for Hooking (Minor) at 14:13, Connor Brown (BOS) for Roughing (Minor) at 14:13, Kevin Fiala (BOS) for Interference (Minor) at 16:51

3rd period

6. Canadiens , John Tavares 5 (Ivan Provorov 7, Cam Talbot) at 8:32 (PP)
7. Canadiens , Jordan Eberle 2 (Auston Matthews 6, Jakob Silfverberg 4) at 10:03

Penalties :
Adam Larsson (MTL) for Hooking (Minor) at 3:29, Corey Perry (BOS) for Hooking (Minor) at 8:14, John Tavares (MTL) for Roughing (Minor) at 15:18

Goalie Stats

Charlie Lindgren (BOS), 37 saves from 42 shots - (0.881), L, 2-1-0, 60:00 minutes
Cam Talbot (MTL), 21 saves from 23 shots - (0.913), W, 6-0-0, 60:00 minutes

Players Stats for Bruins

Player Name              G  A  P  +/- PIM S  H  SB GA TA FO     MP     PP MP  PK MP  
------------------------------------------------------------------------------------
Andrew Ladd              1  0  1   0  2   1  1  0  0  0  1/1    18:23   3:00   0:00 
Brendan Gallagher        0  0  0  -2  0   1  0  0  0  0  1/2    14:57   2:31   0:00 
Carl Soderberg           0  0  0   0  0   1  0  0  0  0  4/7     7:57   0:00   0:12 
Connor Brown             0  0  0   0  2   1  0  0  0  0  0/1    10:39   0:26   0:00 
Corey Perry              0  1  1   0  2   3  3  1  0  0  3/5    21:11   3:01   2:21 
Jake Guentzel            1  0  1   0  0   1  0  0  0  0  1/2    11:34   1:00   0:20 
Jake Muzzin              0  0  0   0  0   1  2  2  0  0  0/0    20:44   2:46   2:59 
Kevin Fiala              0  0  0   0  2   0  1  0  0  0  0/0     7:44   0:00   0:00 
Leon Draisaitl           0  0  0   0  0   1  2  0  0  0  15/30  23:14   2:43   3:34 
Mark Streit              0  0  0  -2  0   0  1  2  0  0  0/0    12:38   0:00   0:00 
Melker Karlsson          0  0  0   0  0   0  0  0  0  0  0/2     7:57   0:12   0:00 
Noah Hanifin             0  0  0  -2  0   0  1  2  0  0  0/0    13:32   0:00   0:54 
P.K. Subban              0  0  0   0  2   1  3  2  0  0  0/0    25:35   3:11   2:14 
Patrice Bergeron         0  0  0  -2  0   5  3  0  0  0  16/26  20:08   2:27   3:42 
Ryan Spooner             0  0  0  -2  0   2  0  0  0  0  0/1    14:57   2:31   0:00 
Shea Weber               0  0  0   0  0   0  2  3  0  0  0/0    26:56   3:11   3:34 
Tomas Plekanec           0  1  1   0  0   4  1  0  0  0  8/17   13:01   0:00   2:21 
Torey Krug               0  1  1   0  0   1  0  3  0  0  0/0    20:34   2:46   2:49 

Players Stats for Canadiens

Player Name              G  A  P  +/- PIM S  H  SB GA TA FO     MP     PP MP  PK MP  
------------------------------------------------------------------------------------
Adam Larsson             0  0  0   2  2   0  3  1  0  0  0/0    23:01   2:49   2:34 
Artturi Lehkonen         0  1  1   1  0   0  1  0  0  0  0/0    10:04   0:00   0:13 
Auston Matthews          0  1  1   1  0   3  0  0  0  0  15/27  18:19   3:11   0:00 
Brayden McNabb           0  0  0   1  0   0  0  1  0  0  0/0    14:46   0:22   1:24 
Cam Fowler               0  2  2   1  0   5  1  2  0  0  0/0    24:17   3:26   3:29 
Gustav Nyquist           0  1  1   0  0   10 1  0  0  0  0/2    18:04   3:11   0:00 
Ian Cole                 0  0  0  -1  4   2  5  1  0  0  0/0    18:40   0:00   1:31 
Ivan Provorov            0  1  1  -1  0   1  1  3  0  0  0/0    24:06   3:26   2:56 
Jakob Silfverberg        0  1  1   1  0   2  2  0  0  0  2/2    20:44   3:04   3:07 
John Tavares             3  0  3   0  2   11 0  1  0  0  11/27  18:52   3:11   0:00 
Jordan Eberle            1  0  1   1  0   2  0  0  0  0  0/0    19:01   3:04   0:00 
Josh Bailey              0  1  1   1  0   1  0  0  0  0  0/1     9:51   0:00   0:00 
Justin Abdelkader        0  0  0   0  0   0  1  0  0  0  0/0     9:44   0:00   2:37 
Mike Ribeiro             1  0  1   1  0   1  1  0  0  0  9/19   12:55   3:04   0:00 
Nate Schmidt             0  0  0   2  0   0  0  0  0  0  0/0    15:07   2:27   0:00 
Nick Shore               0  0  0   0  0   3  1  0  0  0  6/12    9:44   0:00   2:37 
Teuvo Teravainen         0  1  1   0  0   1  0  0  0  0  0/1    14:18   0:00   0:00 
Zack Smith               0  0  0   0  0   0  1  1  0  0  2/3    10:27   0:00   3:20 

3 Stars

1 - John Tavares (MTL)
2 - Cam Fowler (MTL)
3 - Mike Ribeiro (MTL)

Power Play

Bruins - 0 on 3 Attempt(s) - 0.00%
Canadiens - 1 on 4 Attempt(s) - 25.00%

Penalty Kill

Bruins - 3 on 4 Attempt(s) - 75.00% - Score 0 goal in Penalty Kill
Canadiens - 3 on 3 Attempt(s) - 100.00% - Score 0 goal in Penalty Kill

Team Stat

Bruins - Hits : 20 - Faceoff Wins : 49 - Blocked Shots : 15 - Penalty Minutes : 10
Canadiens - Hits : 18 - Faceoff Wins : 45 - Blocked Shots : 10 - Penalty Minutes : 8

Official

Referees : Jacob Brenk and Evgeny Romasko
Linesman : Mike Cvik and Brandon Gawryletz

Game Notes

John Tavares has scored a Hat Trick!

Finance

Level 1 -- Attendance: 5635 (86.69%) -- Ticket Income 619 850 $
Level 2 -- Attendance: 4364 (87.28%) -- Ticket Income 327 300 $
Level 3 -- Attendance: 3110 (88.86%) -- Ticket Income 171 050 $
Level 4 -- Attendance: 2953 (55.85%) -- Ticket Income 103 355 $
Luxury Box -- Attendance: 934 (93.40%) -- Ticket Income 185 866 $
Game was played at the Bell Centre.
Total Attendance: 16996 (79.84%)
Total Ticket Income: 1 407 421 $
Other Income: 211 113 $
Total Income: 1 618 534 $

% Time on Ice - Bruins

Lines # - Real PCT - Wanted PCT - Time Play
Normal Forward
1 - 34% - 40% - 15:24
2 - 27% - 30% - 12:26
3 - 22% - 20% - 10:14
4 - 17% - 10% - 7:45
Normal Defense
1 - 39% - 40% - 17:51
2 - 31% - 30% - 14:25
3 - 28% - 20% - 12:38
4 - 2% - 10% - 0:55
PP Forward
1 - 54% - 60% - 3:14
2 - 46% - 40% - 2:43
PP Defense
1 - 54% - 60% - 3:11
2 - 46% - 40% - 2:46
PK Forward
1 - 62% - 60% - 3:54
2 - 38% - 40% - 2:21
PK Defense
1 - 61% - 60% - 3:48
2 - 39% - 40% - 2:27
PK3 Forward
1 - 0% - 60%
2 - 0% - 40%
PK3 Defense
1 - 0% - 60%
2 - 0% - 40%
44 Forward
1 - 78% - 60% - 1:33
2 - 22% - 40% - 0:26
44 Defense
1 - 71% - 60% - 1:25
2 - 29% - 40% - 0:34
Last Minute Offensive  - 0:00
Last Minute Defensive  - 0:00
Total
Forward - 60:00
Defense - 60:00

% Time on Ice - Canadiens

Lines # - Real PCT - Wanted PCT - Time Play
Normal Forward
1 - 31% - 35% - 14:18
2 - 32% - 35% - 14:33
3 - 21% - 20% - 9:51
4 - 16% - 10% - 7:07
Normal Defense
1 - 38% - 35% - 17:22
2 - 29% - 30% - 13:16
3 - 25% - 20% - 11:16
4 - 9% - 15% - 3:55
PP Forward
1 - 51% - 60% - 3:11
2 - 49% - 40% - 3:04
PP Defense
1 - 55% - 50% - 3:26
2 - 45% - 50% - 2:49
PK Forward
1 - 56% - 55% - 3:20
2 - 44% - 45% - 2:37
PK Defense
1 - 48% - 60% - 2:50
2 - 52% - 40% - 3:07
PK3 Forward
1 - 0% - 60%
2 - 0% - 40%
PK3 Defense
1 - 0% - 60%
2 - 0% - 40%
44 Forward
1 - 71% - 50% - 1:24
2 - 29% - 50% - 0:35
44 Defense
1 - 29% - 50% - 0:35
2 - 71% - 50% - 1:24
Last Minute Offensive  - 0:00
Last Minute Defensive  - 0:00
Total
Forward - 60:00
Defense - 60:00

Play by Play

1st period


0:01 of 1st period - Leon Draisaitl wins face-off versus John Tavares in neutral zone.
0:03 of 1st period - Off-side.
0:04 of 1st period - Auston Matthews wins face-off versus Patrice Bergeron in neutral zone.
0:16 of 1st period - Icing by Patrice Bergeron.
0:17 of 1st period - Mike Ribeiro wins face-off versus Brendan Gallagher in Bruins zone.
0:20 of 1st period - Shot by Mike Ribeiro.
0:20 of 1st period - Shot Misses the Net.
0:23 of 1st period - Icing by Ryan Spooner.
0:24 of 1st period - John Tavares wins face-off versus Patrice Bergeron in Bruins zone.
0:47 of 1st period - Shot by Patrice Bergeron.
0:47 of 1st period - Stopped by Cam Talbot with a rebound.
0:57 of 1st period - Shot by Brendan Gallagher.
0:57 of 1st period - Deflect By Patrice Bergeron.
0:57 of 1st period - Stopped by Cam Talbot without a rebound.
0:58 of 1st period - Auston Matthews wins face-off versus Leon Draisaitl in Canadiens zone.
1:22 of 1st period - Icing by Shea Weber.
1:23 of 1st period - Leon Draisaitl wins face-off versus Josh Bailey in Bruins zone.
2:30 of 1st period - Shot by Nick Shore.
2:30 of 1st period - Stopped by Charlie Lindgren without a rebound.
2:31 of 1st period - John Tavares wins face-off versus Tomas Plekanec in Bruins zone.
3:00 of 1st period - Shot by Tomas Plekanec.
3:00 of 1st period - Stopped by Cam Talbot without a rebound.
3:01 of 1st period - Auston Matthews wins face-off versus Melker Karlsson in Canadiens zone.
3:22 of 1st period - Shot by Auston Matthews.
3:22 of 1st period - Shot Misses the Net.
3:24 of 1st period - Shot by Jordan Eberle.
3:24 of 1st period - Deflect By Auston Matthews.
3:24 of 1st period - Shot Misses the Net.
3:32 of 1st period - Shot by Melker Karlsson.
3:32 of 1st period - Shot Misses the Net.
4:23 of 1st period - Off-side.
4:24 of 1st period - Mike Ribeiro wins face-off versus Tomas Plekanec in neutral zone.
4:27 of 1st period - Jake Guentzel is hit by Mike Ribeiro and loses puck.
4:41 of 1st period - Icing by Nate Schmidt.
4:42 of 1st period - Mike Ribeiro wins face-off versus Leon Draisaitl in Canadiens zone.
5:03 of 1st period - Mike Ribeiro is hit by Leon Draisaitl and loses puck.
5:08 of 1st period - Minor Penalty to Andrew Ladd for Slashing.
5:09 of 1st period - John Tavares wins face-off versus Patrice Bergeron in Bruins zone.
5:26 of 1st period - Shot by Cam Fowler.
5:26 of 1st period - Shot Misses the Net.
5:28 of 1st period - Shot by John Tavares.
5:28 of 1st period - Stopped by Charlie Lindgren with a rebound.
5:30 of 1st period - Shot by Gustav Nyquist.
5:30 of 1st period - Stopped by Charlie Lindgren without a rebound.
5:31 of 1st period - Patrice Bergeron wins face-off versus Mike Ribeiro in Bruins zone.
5:58 of 1st period - Icing by Adam Larsson.
5:59 of 1st period - Mike Ribeiro wins face-off versus Patrice Bergeron in Canadiens zone.
6:24 of 1st period - Shot by Auston Matthews.
6:24 of 1st period - Stopped by Charlie Lindgren with a rebound.
6:26 of 1st period - Shot by Gustav Nyquist.
6:26 of 1st period - Shot Misses the Net.
6:28 of 1st period - Shot by Gustav Nyquist.
6:28 of 1st period - Stopped by Charlie Lindgren without a rebound.
6:29 of 1st period - Corey Perry wins face-off versus John Tavares in Bruins zone.
6:48 of 1st period - Shot by Auston Matthews.
6:48 of 1st period - Shot Misses the Net.
6:50 of 1st period - Shot by Auston Matthews.
6:50 of 1st period - Shot Blocked by Shea Weber.
6:52 of 1st period - Shot by Cam Fowler.
6:52 of 1st period - Stopped by Charlie Lindgren without a rebound.
6:53 of 1st period - Corey Perry wins face-off versus Mike Ribeiro in Bruins zone.
6:53 of 1st period - Torey Krug is hit by Jakob Silfverberg and loses puck.
8:05 of 1st period - Teuvo Teravainen is hit by Patrice Bergeron and loses puck.
8:28 of 1st period - Shot by Patrice Bergeron.
8:28 of 1st period - Stopped by Cam Talbot without a rebound.
8:29 of 1st period - Leon Draisaitl wins face-off versus Auston Matthews in Canadiens zone.
8:29 of 1st period - Andrew Ladd is hit by Ivan Provorov and loses puck.
8:42 of 1st period - Shot by Corey Perry.
8:42 of 1st period - Stopped by Cam Talbot with a rebound.
9:04 of 1st period - Shot by Jakob Silfverberg.
9:04 of 1st period - Stopped by Charlie Lindgren without a rebound.
9:05 of 1st period - Mike Ribeiro wins face-off versus Connor Brown in Bruins zone.
9:07 of 1st period - Minor Penalty to P.K. Subban for Interference.
9:08 of 1st period - Patrice Bergeron wins face-off versus John Tavares in Bruins zone.
9:08 of 1st period - Patrice Bergeron is hit by Gustav Nyquist.
9:20 of 1st period - Shot by Gustav Nyquist.
9:20 of 1st period - Stopped by Charlie Lindgren with a rebound.
9:30 of 1st period - Shot by John Tavares.
9:30 of 1st period - Shot Misses the Net.
9:32 of 1st period - Shot by John Tavares.
9:32 of 1st period - Shot Blocked by Shea Weber.
9:48 of 1st period - Ivan Provorov is hit by Patrice Bergeron and loses puck.
10:07 of 1st period - Shot by Jordan Eberle.
10:07 of 1st period - Shot Blocked by Corey Perry.
10:09 of 1st period - Shot by Adam Larsson.
10:09 of 1st period - Shot Misses the Net.
10:11 of 1st period - Shot by Nate Schmidt.
10:11 of 1st period - Shot Blocked by Jake Muzzin.
10:26 of 1st period - Off-side.
10:27 of 1st period - Corey Perry wins face-off versus Mike Ribeiro in neutral zone.
10:30 of 1st period - Jordan Eberle is hit by Corey Perry and loses puck.
11:00 of 1st period - Leon Draisaitl is hit by Adam Larsson and loses puck.
11:23 of 1st period - Shot by Melker Karlsson.
11:23 of 1st period - Shot Blocked by Zack Smith.
11:37 of 1st period - Melker Karlsson is hit by Nick Shore and loses puck.
11:53 of 1st period - Icing by Cam Fowler.
11:54 of 1st period - John Tavares wins face-off versus Tomas Plekanec in Canadiens zone.
11:56 of 1st period - Icing by Gustav Nyquist.
11:57 of 1st period - Tomas Plekanec wins face-off versus John Tavares in Canadiens zone.
12:00 of 1st period - Shot by Jake Guentzel.
12:00 of 1st period - Goal by Jake Guentzel - Bruins : 1 - Canadiens : 0.
12:01 of 1st period - John Tavares wins face-off versus Patrice Bergeron in neutral zone.
12:40 of 1st period - Shot by Gustav Nyquist.
12:40 of 1st period - Shot Misses the Net.
12:50 of 1st period - P.K. Subban is hit by Ian Cole and loses puck.
13:04 of 1st period - Icing by Ian Cole.
13:05 of 1st period - Leon Draisaitl wins face-off versus Auston Matthews in Canadiens zone.
13:30 of 1st period - Shot by Corey Perry.
13:30 of 1st period - Shot Misses the Net.
13:32 of 1st period - Shot by Leon Draisaitl.
13:32 of 1st period - Shot Misses the Net.
13:34 of 1st period - Shot by Corey Perry.
13:34 of 1st period - Shot Misses the Net.
14:22 of 1st period - Shot by Artturi Lehkonen.
14:22 of 1st period - Shot Blocked by Mark Streit.
14:24 of 1st period - Shot by Josh Bailey.
14:24 of 1st period - Stopped by Charlie Lindgren with a rebound.
14:45 of 1st period - Shot by John Tavares.
14:45 of 1st period - Stopped by Charlie Lindgren without a rebound.
14:46 of 1st period - Carl Soderberg wins face-off versus John Tavares in Bruins zone.
15:04 of 1st period - Melker Karlsson is hit by Adam Larsson and loses puck.
15:16 of 1st period - Icing by Cam Fowler.
15:17 of 1st period - John Tavares wins face-off versus Patrice Bergeron in Canadiens zone.
15:32 of 1st period - Shot by Teuvo Teravainen.
15:32 of 1st period - Stopped by Charlie Lindgren with a rebound.
15:34 of 1st period - Shot by John Tavares.
15:34 of 1st period - Goal by John Tavares - Bruins : 1 - Canadiens : 1.
15:35 of 1st period - Tomas Plekanec wins face-off versus Auston Matthews in neutral zone.
15:44 of 1st period - Shot by Connor Brown.
15:44 of 1st period - Stopped by Cam Talbot without a rebound.
15:45 of 1st period - Leon Draisaitl wins face-off versus Mike Ribeiro in Canadiens zone.
17:05 of 1st period - Icing by Cam Fowler.
17:06 of 1st period - Tomas Plekanec wins face-off versus Auston Matthews in Canadiens zone.
17:11 of 1st period - Shot by Tomas Plekanec.
17:11 of 1st period - Shot Blocked by Adam Larsson.
17:13 of 1st period - Shot by Noah Hanifin.
17:13 of 1st period - Shot Blocked by Cam Fowler.
17:15 of 1st period - Shot by Tomas Plekanec.
17:15 of 1st period - Stopped by Cam Talbot without a rebound.
17:16 of 1st period - Patrice Bergeron wins face-off versus John Tavares in Canadiens zone.
17:25 of 1st period - Shot by Gustav Nyquist.
17:25 of 1st period - Stopped by Charlie Lindgren without a rebound.
17:26 of 1st period - Nick Shore wins face-off versus Tomas Plekanec in Bruins zone.
17:32 of 1st period - Zack Smith is hit by Jake Muzzin and loses puck.
17:40 of 1st period - Off-side.
17:41 of 1st period - Patrice Bergeron wins face-off versus Teuvo Teravainen in neutral zone.
18:14 of 1st period - Shot by John Tavares.
18:14 of 1st period - Goal by John Tavares - Bruins : 1 - Canadiens : 2.
18:15 of 1st period - Auston Matthews wins face-off versus Leon Draisaitl in neutral zone.
18:15 of 1st period - Ivan Provorov is hit by Corey Perry and loses puck.
18:26 of 1st period - Shot by Jordan Eberle.
18:26 of 1st period - Deflect By Auston Matthews.
18:26 of 1st period - Shot Misses the Net.
18:28 of 1st period - Shot by Jordan Eberle.
18:28 of 1st period - Shot Blocked by Jake Muzzin.
18:37 of 1st period - Jakob Silfverberg is hit by Jake Muzzin and loses puck.
19:09 of 1st period - Icing by Shea Weber.
19:10 of 1st period - John Tavares wins face-off versus Tomas Plekanec in Bruins zone.
19:29 of 1st period - Shot by Gustav Nyquist.
19:29 of 1st period - Stopped by Charlie Lindgren without a rebound.
19:30 of 1st period - Patrice Bergeron wins face-off versus Mike Ribeiro in Bruins zone.
19:30 of 1st period - Patrice Bergeron is hit by Artturi Lehkonen.
19:39 of 1st period - Off-side.
19:40 of 1st period - Leon Draisaitl wins face-off versus Gustav Nyquist in neutral zone.
19:42 of 1st period - Off-side.
19:43 of 1st period - Andrew Ladd wins face-off versus John Tavares in neutral zone.
19:59 of 1st period - Icing by Cam Fowler.
Goals for this period are 1 for Bruins vs 2 for Canadiens.
Shots for this period are 8 for Bruins vs 15 for Canadiens.

2nd period


0:01 of 2nd period - Leon Draisaitl wins face-off versus Auston Matthews in neutral zone.
0:26 of 2nd period - Minor Penalty to Ian Cole for Hooking.
0:27 of 2nd period - Zack Smith wins face-off versus Leon Draisaitl in Canadiens zone.
0:49 of 2nd period - Shot by Ryan Spooner.
0:49 of 2nd period - Stopped by Cam Talbot without a rebound.
0:50 of 2nd period - Patrice Bergeron wins face-off versus Nick Shore in Canadiens zone.
0:50 of 2nd period - P.K. Subban is hit by Adam Larsson and loses puck.
1:16 of 2nd period - Shot by Andrew Ladd.
1:16 of 2nd period - Shot Misses the Net.
2:31 of 2nd period - Off-side.
2:32 of 2nd period - Tomas Plekanec wins face-off versus John Tavares in neutral zone.
3:05 of 2nd period - Shot by John Tavares.
3:05 of 2nd period - Stopped by Charlie Lindgren without a rebound.
3:06 of 2nd period - Carl Soderberg wins face-off versus Mike Ribeiro in Bruins zone.
3:45 of 2nd period - Icing by Shea Weber.
3:46 of 2nd period - Auston Matthews wins face-off versus Carl Soderberg in Bruins zone.
3:53 of 2nd period - Shot by Jordan Eberle.
3:53 of 2nd period - Stopped by Charlie Lindgren without a rebound.
3:54 of 2nd period - Jakob Silfverberg wins face-off versus Corey Perry in Bruins zone.
3:55 of 2nd period - Shot by Auston Matthews.
3:55 of 2nd period - Stopped by Charlie Lindgren without a rebound.
3:56 of 2nd period - Auston Matthews wins face-off versus Leon Draisaitl in Bruins zone.
4:00 of 2nd period - Icing by Torey Krug.
4:01 of 2nd period - Auston Matthews wins face-off versus Leon Draisaitl in Bruins zone.
5:14 of 2nd period - Shot by John Tavares.
5:14 of 2nd period - Stopped by Charlie Lindgren without a rebound.
5:15 of 2nd period - Tomas Plekanec wins face-off versus Mike Ribeiro in Bruins zone.
5:22 of 2nd period - Artturi Lehkonen is hit by Noah Hanifin and loses puck.
5:28 of 2nd period - Josh Bailey is hit by Mark Streit and loses puck.
5:45 of 2nd period - Icing by Artturi Lehkonen.
5:46 of 2nd period - Carl Soderberg wins face-off versus Mike Ribeiro in Canadiens zone.
6:24 of 2nd period - Teuvo Teravainen is hit by P.K. Subban and loses puck.
6:29 of 2nd period - Shot by Gustav Nyquist.
6:29 of 2nd period - Stopped by Charlie Lindgren without a rebound.
6:30 of 2nd period - Leon Draisaitl wins face-off versus Auston Matthews in Bruins zone.
6:30 of 2nd period - Leon Draisaitl is hit by Jakob Silfverberg.
6:33 of 2nd period - Icing by Corey Perry.
6:34 of 2nd period - Leon Draisaitl wins face-off versus Auston Matthews in Bruins zone.
6:40 of 2nd period - Icing by Jakob Silfverberg.
6:41 of 2nd period - Auston Matthews wins face-off versus Leon Draisaitl in Canadiens zone.
7:05 of 2nd period - Off-side.
7:06 of 2nd period - John Tavares wins face-off versus Patrice Bergeron in neutral zone.
7:09 of 2nd period - Shot by Gustav Nyquist.
7:09 of 2nd period - Stopped by Charlie Lindgren with a rebound.
7:21 of 2nd period - Shot by Patrice Bergeron.
7:21 of 2nd period - Shot Blocked by Ivan Provorov.
7:23 of 2nd period - Shot by Ryan Spooner.
7:23 of 2nd period - Stopped by Cam Talbot without a rebound.
7:24 of 2nd period - Auston Matthews wins face-off versus Tomas Plekanec in Canadiens zone.
7:39 of 2nd period - Adam Larsson is hit by Tomas Plekanec and loses puck.
7:54 of 2nd period - Jake Guentzel is hit by Cam Fowler and loses puck.
8:10 of 2nd period - Icing by Cam Fowler.
8:11 of 2nd period - Auston Matthews wins face-off versus Leon Draisaitl in Canadiens zone.
8:31 of 2nd period - Gustav Nyquist is hit by P.K. Subban and loses puck.
8:57 of 2nd period - John Tavares is hit by Leon Draisaitl and loses puck.
9:13 of 2nd period - Icing by Mark Streit.
9:14 of 2nd period - Patrice Bergeron wins face-off versus Mike Ribeiro in Bruins zone.
9:16 of 2nd period - Icing by Brendan Gallagher.
9:17 of 2nd period - Patrice Bergeron wins face-off versus Nick Shore in Bruins zone.
9:42 of 2nd period - Shot by Patrice Bergeron.
9:42 of 2nd period - Stopped by Cam Talbot without a rebound.
9:43 of 2nd period - Jake Guentzel wins face-off versus Auston Matthews in Canadiens zone.
9:44 of 2nd period - Shot by Tomas Plekanec.
9:44 of 2nd period - Stopped by Cam Talbot without a rebound.
9:45 of 2nd period - Auston Matthews wins face-off versus Tomas Plekanec in Canadiens zone.
9:54 of 2nd period - Shot by Auston Matthews.
9:54 of 2nd period - Stopped by Charlie Lindgren without a rebound.
9:55 of 2nd period - Leon Draisaitl wins face-off versus John Tavares in Bruins zone.
10:30 of 2nd period - Shot by Andrew Ladd.
10:30 of 2nd period - Goal by Andrew Ladd - Bruins : 2 - Canadiens : 2.
10:31 of 2nd period - Patrice Bergeron wins face-off versus Auston Matthews in neutral zone.
11:45 of 2nd period - Shot by Mike Ribeiro.
11:45 of 2nd period - Goal by Mike Ribeiro - Bruins : 2 - Canadiens : 3.
11:46 of 2nd period - Leon Draisaitl wins face-off versus John Tavares in neutral zone.
12:12 of 2nd period - Shot by John Tavares.
12:12 of 2nd period - Shot Blocked by Shea Weber.
12:14 of 2nd period - Shot by Teuvo Teravainen.
12:14 of 2nd period - Shot Blocked by P.K. Subban.
12:16 of 2nd period - Shot by John Tavares.
12:16 of 2nd period - Stopped by Charlie Lindgren without a rebound.
12:17 of 2nd period - Carl Soderberg wins face-off versus Mike Ribeiro in Bruins zone.
12:24 of 2nd period - Shot by Torey Krug.
12:24 of 2nd period - Shot Blocked by Brayden McNabb.
12:26 of 2nd period - Shot by Jake Muzzin.
12:26 of 2nd period - Stopped by Cam Talbot without a rebound.
12:27 of 2nd period - Nick Shore wins face-off versus Patrice Bergeron in Canadiens zone.
13:30 of 2nd period - Shot by Andrew Ladd.
13:30 of 2nd period - Shot Misses the Net.
13:32 of 2nd period - Shot by Andrew Ladd.
13:32 of 2nd period - Shot Misses the Net.
13:40 of 2nd period - Shot by P.K. Subban.
13:40 of 2nd period - Stopped by Cam Talbot without a rebound.
13:41 of 2nd period - Tomas Plekanec wins face-off versus John Tavares in Canadiens zone.
13:41 of 2nd period - Torey Krug is hit by Ian Cole and loses puck.
13:49 of 2nd period - Tomas Plekanec is hit by Ian Cole and loses puck.
13:57 of 2nd period - Connor Brown is hit by Ian Cole and loses puck.
14:07 of 2nd period - Connor Brown is hit by Ian Cole and loses puck.
14:10 of 2nd period - Shot by Jake Guentzel.
14:10 of 2nd period - Shot Misses the Net.
14:12 of 2nd period - Shot by Jake Muzzin.
14:12 of 2nd period - Shot Misses the Net.
14:13 of 2nd period - Minor Penalty to Ian Cole for Hooking.
14:13 of 2nd period - Minor Penalty to Connor Brown for Roughing.
14:14 of 2nd period - Patrice Bergeron wins face-off versus John Tavares in Canadiens zone.
15:18 of 2nd period - Shot by Corey Perry.
15:18 of 2nd period - Shot Misses the Net.
15:22 of 2nd period - Shot by Tomas Plekanec.
15:22 of 2nd period - Shot Misses the Net.
15:24 of 2nd period - Shot by Tomas Plekanec.
15:24 of 2nd period - Stopped by Cam Talbot without a rebound.
15:25 of 2nd period - Patrice Bergeron wins face-off versus John Tavares in Canadiens zone.
15:28 of 2nd period - Shot by Patrice Bergeron.
15:28 of 2nd period - Shot Blocked by John Tavares.
15:30 of 2nd period - Shot by Torey Krug.
15:30 of 2nd period - Shot Misses the Net.
15:32 of 2nd period - Shot by Torey Krug.
15:32 of 2nd period - Stopped by Cam Talbot without a rebound.
15:33 of 2nd period - Patrice Bergeron wins face-off versus John Tavares in Canadiens zone.
16:42 of 2nd period - Shot by Carl Soderberg.
16:42 of 2nd period - Shot Misses the Net.
16:51 of 2nd period - Minor Penalty to Kevin Fiala for Interference.
16:52 of 2nd period - Patrice Bergeron wins face-off versus John Tavares in Bruins zone.
17:19 of 2nd period - Shot by Cam Fowler.
17:19 of 2nd period - Stopped by Charlie Lindgren without a rebound.
17:20 of 2nd period - Mike Ribeiro wins face-off versus Corey Perry in Bruins zone.
18:20 of 2nd period - Shot by Gustav Nyquist.
18:20 of 2nd period - Stopped by Charlie Lindgren with a rebound.
18:22 of 2nd period - Shot by Cam Fowler.
18:22 of 2nd period - Shot Blocked by Torey Krug.
18:24 of 2nd period - Shot by Ivan Provorov.
18:24 of 2nd period - Shot Misses the Net.
18:52 of 2nd period - Shot by Zack Smith.
18:52 of 2nd period - Deflect By Nick Shore.
18:52 of 2nd period - Stopped by Charlie Lindgren without a rebound.
18:53 of 2nd period - Nick Shore wins face-off versus Melker Karlsson in Bruins zone.
19:02 of 2nd period - Shot by Zack Smith.
19:02 of 2nd period - Shot Blocked by Mark Streit.
19:04 of 2nd period - Shot by Cam Fowler.
19:04 of 2nd period - Stopped by Charlie Lindgren without a rebound.
19:05 of 2nd period - Tomas Plekanec wins face-off versus Nick Shore in Bruins zone.
19:11 of 2nd period - Torey Krug is hit by Zack Smith and loses puck.
19:23 of 2nd period - Icing by Jake Muzzin.
19:24 of 2nd period - John Tavares wins face-off versus Tomas Plekanec in Bruins zone.
19:31 of 2nd period - Shot by John Tavares.
19:31 of 2nd period - Shot Misses the Net.
19:33 of 2nd period - Shot by Brayden McNabb.
19:33 of 2nd period - Shot Misses the Net.
19:35 of 2nd period - Shot by Gustav Nyquist.
19:35 of 2nd period - Shot Hit the Post.
19:37 of 2nd period - Shot by Brayden McNabb.
19:37 of 2nd period - Shot Blocked by Torey Krug.
19:39 of 2nd period - Shot by Gustav Nyquist.
19:39 of 2nd period - Shot Blocked by Torey Krug.
19:41 of 2nd period - Shot by Gustav Nyquist.
19:41 of 2nd period - Stopped by Charlie Lindgren without a rebound.
19:42 of 2nd period - Auston Matthews wins face-off versus Leon Draisaitl in Bruins zone.
19:47 of 2nd period - Shot by Jordan Eberle.
19:47 of 2nd period - Shot Blocked by P.K. Subban.
19:57 of 2nd period - Adam Larsson is hit by Andrew Ladd and loses puck.
Goals for this period are 1 for Bruins vs 1 for Canadiens.
Shots for this period are 9 for Bruins vs 14 for Canadiens.

3rd period


0:01 of 3rd period - Leon Draisaitl wins face-off versus John Tavares in neutral zone.
0:27 of 3rd period - Icing by Shea Weber.
0:28 of 3rd period - Leon Draisaitl wins face-off versus Auston Matthews in Bruins zone.
0:49 of 3rd period - Shot by Jordan Eberle.
0:49 of 3rd period - Shot Misses the Net.
3:07 of 3rd period - Shot by Cam Fowler.
3:07 of 3rd period - Stopped by Charlie Lindgren without a rebound.
3:08 of 3rd period - Auston Matthews wins face-off versus Carl Soderberg in Bruins zone.
3:29 of 3rd period - Minor Penalty to Adam Larsson for Hooking.
3:30 of 3rd period - Zack Smith wins face-off versus Jake Guentzel in Canadiens zone.
4:28 of 3rd period - Shot by Jakob Silfverberg.
4:28 of 3rd period - Stopped by Charlie Lindgren without a rebound.
4:29 of 3rd period - Leon Draisaitl wins face-off versus Nick Shore in Bruins zone.
4:49 of 3rd period - Shot by Shea Weber.
4:49 of 3rd period - Shot Misses the Net.
4:51 of 3rd period - Shot by Shea Weber.
4:51 of 3rd period - Shot Hit the Post.
4:53 of 3rd period - Shot by Shea Weber.
4:53 of 3rd period - Shot Blocked by Ivan Provorov.
4:55 of 3rd period - Shot by Shea Weber.
4:55 of 3rd period - Shot Blocked by Ivan Provorov.
5:13 of 3rd period - Shot by Corey Perry.
5:13 of 3rd period - Deflect By Patrice Bergeron.
5:13 of 3rd period - Shot Blocked by Cam Fowler.
5:15 of 3rd period - Shot by Corey Perry.
5:15 of 3rd period - Stopped by Cam Talbot without a rebound.
5:16 of 3rd period - Patrice Bergeron wins face-off versus Nick Shore in Canadiens zone.
5:54 of 3rd period - Shot by John Tavares.
5:54 of 3rd period - Stopped by Charlie Lindgren with a rebound.
6:16 of 3rd period - Shot by Josh Bailey.
6:16 of 3rd period - Shot Misses the Net.
6:18 of 3rd period - Shot by Mike Ribeiro.
6:18 of 3rd period - Shot Misses the Net.
6:20 of 3rd period - Shot by Ian Cole.
6:20 of 3rd period - Stopped by Charlie Lindgren with a rebound.
6:48 of 3rd period - Adam Larsson is hit by Kevin Fiala and loses puck.
7:12 of 3rd period - Nick Shore is hit by Shea Weber.
7:25 of 3rd period - Icing by P.K. Subban.
7:26 of 3rd period - Auston Matthews wins face-off versus Tomas Plekanec in Bruins zone.
8:14 of 3rd period - Minor Penalty to Corey Perry for Hooking.
8:15 of 3rd period - Patrice Bergeron wins face-off versus Gustav Nyquist in Bruins zone.
8:32 of 3rd period - Shot by John Tavares.
8:32 of 3rd period - Goal by John Tavares - Bruins : 2 - Canadiens : 4.
8:33 of 3rd period - Mike Ribeiro wins face-off versus Patrice Bergeron in neutral zone.
8:54 of 3rd period - Josh Bailey is hit by Shea Weber and loses puck.
9:48 of 3rd period - Shot by Teuvo Teravainen.
9:48 of 3rd period - Deflect By John Tavares.
9:48 of 3rd period - Stopped by Charlie Lindgren without a rebound.
9:49 of 3rd period - Leon Draisaitl wins face-off versus Auston Matthews in Bruins zone.
9:53 of 3rd period - Off-side.
9:54 of 3rd period - Auston Matthews wins face-off versus Leon Draisaitl in neutral zone.
10:03 of 3rd period - Shot by Auston Matthews.
10:03 of 3rd period - Deflect By Jordan Eberle.
10:03 of 3rd period - Goal by Jordan Eberle - Bruins : 2 - Canadiens : 5.
10:04 of 3rd period - Tomas Plekanec wins face-off versus Nick Shore in neutral zone.
11:27 of 3rd period - Shot by Auston Matthews.
11:27 of 3rd period - Shot Misses the Net.
11:29 of 3rd period - Shot by Ivan Provorov.
11:29 of 3rd period - Stopped by Charlie Lindgren without a rebound.
11:30 of 3rd period - John Tavares wins face-off versus Leon Draisaitl in Bruins zone.
11:32 of 3rd period - Gustav Nyquist is hit by P.K. Subban and loses puck.
11:56 of 3rd period - Off-side.
11:57 of 3rd period - Mike Ribeiro wins face-off versus Ryan Spooner in neutral zone.
12:26 of 3rd period - Shot by Josh Bailey.
12:26 of 3rd period - Shot Misses the Net.
12:28 of 3rd period - Shot by Josh Bailey.
12:28 of 3rd period - Shot Blocked by Noah Hanifin.
12:30 of 3rd period - Shot by Cam Fowler.
12:30 of 3rd period - Stopped by Charlie Lindgren with a rebound.
13:04 of 3rd period - Shot by Auston Matthews.
13:04 of 3rd period - Shot Misses the Net.
13:19 of 3rd period - Shot by Jakob Silfverberg.
13:19 of 3rd period - Shot Misses the Net.
13:21 of 3rd period - Shot by Ian Cole.
13:21 of 3rd period - Stopped by Charlie Lindgren without a rebound.
13:22 of 3rd period - John Tavares wins face-off versus Carl Soderberg in Bruins zone.
13:25 of 3rd period - Shot by Gustav Nyquist.
13:25 of 3rd period - Stopped by Charlie Lindgren with a rebound.
13:45 of 3rd period - Shot by Teuvo Teravainen.
13:45 of 3rd period - Shot Hit the Post.
13:55 of 3rd period - Shot by Carl Soderberg.
13:55 of 3rd period - Stopped by Cam Talbot without a rebound.
13:56 of 3rd period - Nick Shore wins face-off versus Leon Draisaitl in Canadiens zone.
13:56 of 3rd period - Nick Shore is hit by Corey Perry.
14:19 of 3rd period - Shot by Nick Shore.
14:19 of 3rd period - Stopped by Charlie Lindgren without a rebound.
14:20 of 3rd period - Brendan Gallagher wins face-off versus Auston Matthews in Bruins zone.
14:41 of 3rd period - Shot by Brendan Gallagher.
14:41 of 3rd period - Stopped by Cam Talbot with a rebound.
14:43 of 3rd period - Shot by Patrice Bergeron.
14:43 of 3rd period - Shot Misses the Net.
14:45 of 3rd period - Shot by Brendan Gallagher.
14:45 of 3rd period - Shot Blocked by Ian Cole.
14:55 of 3rd period - Ian Cole is hit by Patrice Bergeron and loses puck.
15:18 of 3rd period - Minor Penalty to John Tavares for Roughing.
15:19 of 3rd period - Patrice Bergeron wins face-off versus Zack Smith in Canadiens zone.
15:50 of 3rd period - Shot by Patrice Bergeron.
15:50 of 3rd period - Stopped by Cam Talbot without a rebound.
15:51 of 3rd period - Nick Shore wins face-off versus Leon Draisaitl in Canadiens zone.
16:27 of 3rd period - Shot by Shea Weber.
16:27 of 3rd period - Deflect By Leon Draisaitl.
16:27 of 3rd period - Stopped by Cam Talbot without a rebound.
16:28 of 3rd period - Jakob Silfverberg wins face-off versus Patrice Bergeron in Canadiens zone.
16:59 of 3rd period - Shot by Andrew Ladd.
16:59 of 3rd period - Deflect By Corey Perry.
16:59 of 3rd period - Stopped by Cam Talbot without a rebound.
17:00 of 3rd period - Nick Shore wins face-off versus Leon Draisaitl in Canadiens zone.
17:51 of 3rd period - Shot by John Tavares.
17:51 of 3rd period - Shot Blocked by Noah Hanifin.
17:53 of 3rd period - Shot by Gustav Nyquist.
17:53 of 3rd period - Shot Misses the Net.
17:55 of 3rd period - Shot by Nate Schmidt.
17:55 of 3rd period - Deflect By John Tavares.
17:55 of 3rd period - Stopped by Charlie Lindgren without a rebound.
17:56 of 3rd period - Mike Ribeiro wins face-off versus Leon Draisaitl in Bruins zone.
18:32 of 3rd period - Shot by Leon Draisaitl.
18:32 of 3rd period - Shot Misses the Net.
19:00 of 3rd period - Shot by Ryan Spooner.
19:00 of 3rd period - Shot Misses the Net.
19:12 of 3rd period - Torey Krug is hit by Justin Abdelkader and loses puck.
Goals for this period are 0 for Bruins vs 2 for Canadiens.
Shots for this period are 6 for Bruins vs 13 for Canadiens.